 Dungeon Crawl Stone Soup version 0.29.1-15-g9cfb28693d (webtiles) character file.

Game seed: 17826975579221544020

141 workacc the Chopper (level 5, 0/42 HPs)
             Began as a Demonspawn Gladiator on Apr 4, 2023.
             Slain by Grinder (5 damage)
             ... on level 3 of the Dungeon.
             The game lasted 00:03:06 (2264 turns).

workacc the Chopper (Demonspawn Gladiator)          Turns: 2264, Time: 00:03:06

Health: 0/42       AC:  3    Str: 22    XL:     5   Next: 3%
Magic:  5/5        EV: 12    Int:  9    God:
Gold:   96         SH:  0    Dex: 15    Spells: 4/4 levels left

rFire   . . .      SeeInvis .   a - +0 war axe
rCold   . . .      Faith    .   (no shield)
rNeg    . . .      Spirit   .   b - +0 leather armour
rPois   .          Reflect  .   (helmet restricted)
rElec   .          Harm     .   (no cloak)
rCorr   .          Rampage  .   (no gloves)
Will    .....                   (no boots)
Stlth   +.........              (no amulet)
HPRegen 0.14/turn               c - +6 ring of strength
MPRegen 0.09/turn               (no ring)

@: no status effects
A: horns 1, weakness stinger 1
a: no special abilities


You were on level 3 of the Dungeon.
You visited 1 branch of the dungeon, and saw 3 of its levels.

You collected 96 gold pieces.

Inventory:

Hand Weapons
 a - a +0 war axe (weapon)
Missiles
 d - 3 throwing nets (quivered)
 e - a javelin
Armour
 b - a +0 leather armour (worn)
Jewellery
 c - a +6 ring of strength (left hand)
 s - a ring of protection from cold
Scrolls
 f - a scroll of magic mapping {unknown}
 g - a scroll of brand weapon {unknown}
 h - a scroll of poison {unknown}
 i - 2 scrolls of identify {unknown}
 k - 2 scrolls of amnesia {unknown}
 m - a scroll of teleportation {unknown}
 n - a scroll of acquirement {unknown}
 o - a scroll of blinking {unknown}
 r - a scroll of summoning {unknown}
Potions
 j - 2 potions of lignification {unknown}
 l - a potion of mutation {unknown}
 p - a potion of degeneration {unknown}
 q - a potion of curing {unknown}


   Skills:
 + Level 3.9 Fighting
 + Level 4.1 Axes
 - Level 1.7 Throwing
 - Level 2.6 Dodging


You had 4 spell levels left.
You didn't know any spells.
Your spell library contained the following spells:

 Spells                   Type           Power      Damage    Failure   Level
 Slow                     Hex            0%         N/A       43%         1
 Confusing Touch          Hex            0%         N/A       80%         3
 Vampiric Draining        Necr           0%         2d6       80%         3


Dungeon Overview and Level Annotations

Branches:
Dungeon (3/15)

Altars:

Annotations:
D:3 Grinder


Innate Abilities, Weirdness & Mutations

You have a pair of small horns on your head.
You have a small tail.


Message History

Found a dagger.
You see here a +0 dagger.
You open the door.
Found a stone staircase leading up.
There is an open door here.
You open the door.
There is an open door here.
Found a pair of boots.
You now have 96 gold pieces (gained 14).
Grinder comes into view.
She is carrying a wand of flame (21).
Grinder shouts!
You hear a shout!
Grinder is nearby!
Grinder is nearby!
Found a stone staircase leading down.
Found a stone staircase leading down.
Grinder zaps a wand.
The puff of flame hits you.
You barely miss Grinder. Grinder hits you.
You slash Grinder!
Grinder is lightly wounded.
Grinder barely misses you.
You slash Grinder! Your headbutt misses Grinder.
Grinder is heavily wounded.
Grinder hits you.
You writhe in agony.
Grinder zaps a wand.
The puff of flame hits you.
You closely miss Grinder. Your headbutt misses Grinder.
Your tail-slap misses Grinder.
Grinder is heavily wounded.
Grinder hits you!
You writhe in agony.
You closely miss Grinder.
Grinder is heavily wounded.
Grinder hits you.
* * * LOW HITPOINT WARNING * * *
You writhe in agony.
* * * LOW HITPOINT WARNING * * *
You hit Grinder. Your headbutt misses Grinder.
Grinder is heavily wounded.
Grinder hits you.
* * * LOW HITPOINT WARNING * * *
You writhe in agony.
You die...

#### ≈≈#
...#################...+
#..#...................+
#....#######...........+
#.##.............###. ≈#
......######..##.###.≈≈##
......................≈≈≈
#.##.............###..≈≈≈
......######..##@# #≈≈
#.##..#######.##5#
..................
#.##..####.##......
......... ..#...#
########... #..#...#
#.##..#>... #>. #.###.


You could see Grinder.

Vanquished Creatures
  A jelly (D:3)
  Jessica (D:2)
  Robin (D:2)
  2 adders (D:2)
  A dart slug (D:1)
  4 ball pythons (D:1)
  6 endoplasms
  A giant cockroach (D:2)
  10 goblins
  9 hobgoblins
  4 kobolds
  3 bats (D:1)
  2 frilled lizards (D:1)
  5 rats
50 creatures vanquished.

Notes
Turn   | Place    | Note
-------+----------+-------------------------------------------
     0 | D:1      | workacc the Demonspawn Gladiator began the quest for the
                  | Orb.
     0 | D:1      | Reached XP level 1. HP: 16/16 MP: 1/1
   535 | D:1      | Reached skill level 3 in Axes
   544 | D:1      | Discovered your monstrous ancestry.
   544 | D:1      | Gained mutation: You have a small tail. [demonic ancestry]
   544 | D:1      | Reached XP level 2. HP: 23/23 MP: 2/2
  1299 | D:1      | Reached XP level 3. HP: 27/28 MP: 3/3
  1359 | D:2      | Noticed Robin
  1418 | D:2      | Noticed Jessica
  1421 | D:2      | Killed Jessica
  1562 | D:2      | Gained mutation: You have a pair of small horns on your
                  | head. [demonic ancestry]
  1562 | D:2      | Reached XP level 4. HP: 35/35 MP: 4/4
  1579 | D:2      | Killed Robin
  2116 | D:3      | Reached skill level 4 in Axes
  2116 | D:3      | Reached XP level 5. HP: 38/42 MP: 5/5
  2254 | D:3      | Noticed Grinder
  2264 | D:3      | Slain by Grinder

Illustrated notes

Levels and vault maps discovered:
D:1:      lightli_arrival_flooded_house, layout_basic
D:2:      layout_rooms, kennysheep_nub, uniq_jessica, uniq_robin
D:3:      kennysheep_goblin_castle, layout_basic, lemuel_tele_altar,
          marbit_many_paths, shapermc_ecumenical_altar_flowoftime,
          chequers_serial_rivers_small_b, uniq_grinder, uniq_natasha

Skill      XL: |  1  2  3  4 |
---------------+-------------+-----
Axes           | 3 4 |  4.1
Fighting       | 3 |  3.9
Throwing       | |  1.7
Dodging        | |  2.6

Action                   |  1- 3 |  4- 6 || total
-------------------------+-------+-------++-------
Melee: War axe           |    82 |    37 ||   119
       Punch             |     1 |       ||     1
       Tailslap          |     7 |       ||     7
       Headbutt          |       |     7 ||     7
 Stab: Sleeping          |     2 |       ||     2
Armor: Leather armour    |    45 |     2 ||    47
Dodge: Dodged            |    60 |    17 ||    77
